 Dungeon Crawl Stone Soup version 0.31-a0-1603-gbec6b6ccbf (webtiles) character file.

Game seed: 8791609133096318031

240 MisterAzrael the Ducker (level 6, 0/41 HPs)
             Began as an Octopode Shapeshifter on Jan 8, 2024.
             Was a Believer of Lugonu.
             Killed from afar by an orc wizard (11 damage)
             ... with a puff of flame
             ... on level 3 of the Dungeon.
             The game lasted 00:03:46 (2740 turns).

MisterAzrael the Ducker (Octopode Shapeshifter)     Turns: 2740, Time: 00:03:46

Health: 0/41       AC:  1    Str: 21    XL:     6   Next: 8%
Magic:  7/7        EV: 14    Int: 12    God:    Lugonu [**....]
Gold:   99         SH:  0    Dex: 12    Spells: 5/5 levels left

rFire   . .          .
                       - Unarmed
rCold   . . .        (no shield)
rNeg    . . .        (helmet currently unavailable)
rPois   +            (no amulet)
rElec   .            d - +6 ring of strength
rCorr   .            a - ring of poison resistance
SInv    .            (no ring)
Will    .....        (no ring)
Stlth   ++           (no ring)
HPRegen 0.26/turn    (no ring)
MPRegen 0.10/turn    (no ring)
                     (no ring)

%: no passive effects
@: beast-form
A: beast (slay +2), almost no armour, amphibious, 8 rings, camouflage 1,
gelatinous body 1, (nimble swimmer 1), tentacles
a: Begin Untransformation, Renounce Religion, Depart the Abyss, Banish


You were on level 3 of the Dungeon.
You worshipped Lugonu.
Lugonu was pleased with you.
You were a hulking beast.
You visited 1 branch of the dungeon, and saw 3 of its levels.

You collected 99 gold pieces.

Inventory:

Hand Weapons
 k - a +0 antimagic dagger
Jewellery
 a - a ring of poison resistance (right tentacle)
 d - a +6 ring of strength (left tentacle)
Talismans
 b - a beast talisman
 c - a flux talisman
 n - a serpent talisman
Scrolls
 e - 2 scrolls of fear {unknown}
 g - a scroll of revelation {unknown}
 i - 5 scrolls of identify {unknown}
 m - a scroll of fog {unknown}
 o - a scroll of silence {unknown}
Potions
 f - a potion of berserk rage
 h - a potion of invisibility {unknown}
 j - a potion of curing
 l - a potion of haste {unknown}


   Skills:
 + Level 2.4 Fighting
 * Level 4.0 Dodging
 + Level 3.8 Unarmed Combat
 + Level 1.7 Invocations
 + Level 3.7 Shapeshifting


You had 5 spell levels left.
You didn't know any spells.
Your spell library was empty.

Dungeon Overview and Level Annotations

Branches:
Dungeon (3/15)

Altars:
Lugonu


Innate Abilities, Weirdness & Mutations

You are a hulking beast.
Your limbs bulge with bestial killing power. (Slay +2)
You cannot wear most types of armour.
You are amphibious.
You can wear up to eight rings at the same time.
Your skin changes colour to match your surroundings (Stealth+).
Your rubbery body absorbs attacks. (AC +1, EV +1)
((You are camouflaged when in or above water. (Stealth+)))
You have tentacles for arms and can constrict up to eight enemies at once.


Message History

You see here a +0 mace.
The orc wizard shouts!
You tentacle-slap the orc priest. You grab the orc priest.
The orc priest is moderately wounded.
You constrict the orc priest. You tentacle-slap the orc priest.
You squeeze the orc priest.
You kill the orc priest!
Lugonu accepts your kill.
Your Dodging skill increases to level 4!
You have reached level 6!
You tentacle-slap the orc but do no damage.
You grab the orc. You squeeze the orc!
You kill the orc!
Lugonu accepts your kill. The orc wizard casts a spell at you.
The puff of flame hits you.
The orc wizard mumbles some strange words.
The orc wizard flickers and vanishes!
Deactivating autopickup; reactivate with Ctrl-A.
Items here: )) [[ †.
No target in view!
Something hits you.
Items here: )) [[ †.
You barely miss something. You squeeze something. Something hits you.
You tentacle-slap something but do no damage.
Your squeeze misses something.
You hear some strange, mumbled words.
You are confused.
You bludgeon something! Your squeeze misses something. Something hits you.
A magic dart appears from out of thin air!
The magic dart hits you.
You bump into the rock wall.
You closely miss something. Your squeeze misses something. Something hits you.
You barely miss something. Your squeeze misses something. Something hits you.
* * * LOW HITPOINT WARNING * * *
You feel less confused.
You hear some strange, mumbled words.
A puff of flame appears from out of thin air!
The puff of flame hits you!
You die...

###### .... #..#
# ##..# .##
#####..># ..
#..##.#.# #
##.h##.#.# #
#....).#.######
#
#.##{###<.....##
## #. #.#
######..####. .
..# ##...##. #..
.. #.## ###....
. #...... #.#
#####....
#.##..#..# #.#
##......##
#....... ##.#
##....##.#.##


There were no monsters in sight!

Vanquished Creatures
  A hound (D:3)
  An orc priest (D:3)
  An orc wizard (D:3)
  Terence (D:2)
  Robin (D:2)
  4 gnolls (D:3)
  An adder (D:2)
  A dart slug (D:2)
  5 orcs (D:3)
  3 ball pythons
  7 endoplasms
  3 giant cockroaches
  10 goblins
  5 hobgoblins
  5 quokkas
  4 bats
  6 kobolds
  6 rats
65 creatures vanquished.

Notes
Turn   | Place    | Note
-------+----------+-------------------------------------------
     0 | D:1      | MisterAzrael the Octopode Shapeshifter began the quest for
                  | the Orb.
     0 | D:1      | Reached XP level 1. HP: 13/13 MP: 1/1
   366 | D:1      | Reached XP level 2. HP: 15/18 MP: 2/2
   693 | D:1      | Reached XP level 3. HP: 21/23 MP: 3/3
  1163 | D:2      | Noticed Robin
  1236 | D:2      | Killed Robin
  1244 | D:2      | Reached skill level 3 in Dodging
  1368 | D:2      | Reached XP level 4. HP: 25/29 MP: 4/4
  1531 | D:2      | Found a faded altar of an unknown god.
  1577 | D:2      | Prayed at the altar of an unknown god.
  1577 | D:2      | Became a worshipper of Lugonu the Unformed
  1577 | D:2      | Reached * piety under Lugonu
  1606 | D:2      | Noticed Terence
  1610 | D:2      | Killed Terence
  2004 | D:3      | Reached skill level 1 in Invocations
  2004 | D:3      | Reached XP level 5. HP: 25/34 MP: 5/5
  2665 | D:3      | Reached ** piety under Lugonu
  2729 | D:3      | Reached skill level 4 in Dodging
  2729 | D:3      | Reached XP level 6. HP: 31/41 MP: 7/7
  2740 | D:3      | Killed from afar by an orc wizard

Illustrated notes

Levels and vault maps discovered:
D:1:      noname_arrival_rooms_in_the_neighbourhood, layout_basic,
          serial_corexii_hall, corexii_hall_statues_u, chequers_hall_statues_y
D:2:      layout_loops_ring, ebering_ecumenical_altar_petrified,
          nrook_loot_triangle, minmay_misc_feat_ornament, uniq_robin,
          uniq_terence
D:3:      layout_rooms

Skill      XL: |  1  2  3  4  5 |
---------------+----------------+-----
Dodging        | 3 4 |  4.0
Fighting       | 2 |  2.4
Invocations    | 1 |  1.7
Unarmed Combat | |  3.8
Shapeshifting  | |  3.7

Action                     |  1- 3 |  4- 6 || total
---------------------------+-------+-------++-------
  Melee: Unarmed           |    57 |    69 ||   126
         Tentacles         |    10 |     5 ||    15
         Constrict         |    11 |    13 ||    24
         Punch             |     1 |     1 ||     2
    Use: Potion            |     1 |     3 ||     4
   Stab: Sleeping          |     3 |     4 ||     7
 Armour: Skin              |    27 |    64 ||    91
  Dodge: Dodged            |    37 |    41 ||    78

Table legend: (Time is in decaauts)
 A = Elapsed time spent in this place.
 B = Non-inter-level travel time spent in this place.
 C = Inter-level travel time spent in this place.
 D = Time resting spent in this place.
 E = Time spent auto-exploring this place.
 F = Levels seen in this place.
 G = Mean time per level.
                   A        B        C        D        E       F      G
               +--------+--------+--------+--------+--------+-----+--------+
         Total |   2742 |   2625 |    117 |    375 |   1842 |   3 |  914.0 |
       Dungeon |   2742 |   2625 |    117 |    375 |   1842 |   3 |  914.0 |
               +--------+--------+--------+--------+--------+-----+--------+

Top non-repeatable levels by time:
     D:1: 1050 daAuts
     D:2: 953 daAuts
     D:3: 739 daAuts
